 Dungeon Crawl Stone Soup version 0.31-a0-369-g8eba5f6939 (webtiles) character file.

Game seed: 15732094067267053097

91 cforsyth the Charlatan (level 4, -2/34 HPs)
             Began as a Gnoll Artificer on July 28, 2023.
             Slain by a goblin
             ... wielding a +2 dagger of venom
             ... led by Robin
              (3 damage)
             ... on level 2 of the Dungeon.
             The game lasted 00:01:59 (1458 turns).

cforsyth the Charlatan (Gnoll Artificer)            Turns: 1458, Time: 00:02:00

Health: -2/34      AC:  4    Str: 13    XL:     4   Next: 57%
Magic:  5/5        EV: 12    Int: 11    God:
Gold:   90         SH:  0    Dex: 12    Spells: 5/5 levels left

rFire   . . .        q - +2 dagger (drain)
rCold   . . .        (no shield)
rNeg    . . .        b - +0 leather armour
rPois   .            l - +0 helmet
rElec   .            (no cloak)
rCorr   .            (no gloves)
SInv    .            (no boots)
Will    .....        (no amulet)
Stlth   ++           (no ring)
HPRegen 0.25/turn    (no ring)
MPRegen 0.09/turn

%: no passive effects
@: mighty, lethally poisoned (-2 -> -8)
A: fangs 1, strong nose, distributed training
a: no special abilities


You were on level 2 of the Dungeon.
You visited 1 branch of the dungeon, and saw 2 of its levels.

You collected 90 gold pieces.

Inventory:

Hand Weapons
 a - a +0 club
 q - a +2 dagger of draining (weapon)
Armour
 b - a +0 leather armour (worn)
 l - a +0 helmet (worn)
Wands
 c - a wand of flame (13) (quivered)
 d - a wand of charming (15)
 e - a wand of iceblast (5)
Scrolls
 h - a scroll of identify {unknown}
 j - a scroll of teleportation {unknown}
 k - a scroll of vulnerability {unknown}
 n - a scroll of silence {unknown}
 o - a scroll of enchant weapon {unknown}
Potions
 f - a potion of curing {unknown}
 g - a potion of attraction {unknown}
 i - a potion of might
 m - a potion of degeneration {unknown}
 p - a potion of invisibility {unknown}


   Skills:
 + Level 2.8 Fighting
 + Level 1.2 Short Blades
 + Level 1.2 Long Blades
 + Level 1.2 Axes
 + Level 1.2 Maces & Flails
 + Level 1.2 Polearms
 + Level 1.2 Staves
 + Level 1.2 Ranged Weapons
 + Level 1.2 Throwing
 + Level 4.6 Armour
 + Level 2.8 Dodging
 + Level 2.6 Stealth
 + Level 1.2 Shields
 + Level 1.2 Unarmed Combat
 + Level 1.2 Spellcasting
 + Level 1.0 Conjurations
 + Level 1.0 Hexes
 + Level 1.0 Summonings
 + Level 1.0 Necromancy
 + Level 1.0 Translocations
 + Level 1.0 Transmutations
 + Level 1.0 Fire Magic
 + Level 1.0 Ice Magic
 + Level 1.0 Air Magic
 + Level 1.0 Earth Magic
 + Level 1.0 Poison Magic
 + Level 1.3 Invocations
 + Level 6.6 Evocations
 + Level 1.0 Shapeshifting


You had 5 spell levels left.
You didn't know any spells.
Your spell library contained the following spells:

 Spells                   Type           Power      Damage    Failure   Level
 Summon Forest            Summ/Tloc      1%         N/A       100%        5
 Eringya's Noxious Bog    Tmut/Pois      1%         4d6       100%        6
 Summon Hydra             Summ           1%         N/A       100%        7


Dungeon Overview and Level Annotations

Branches:
Dungeon (2/15)

Altars:
Yredelemnul

Shops:
D:2 (


Innate Abilities, Weirdness & Mutations

You have very sharp teeth.
Your uncanny sense of smell can sniff out nearby items.
Your experience applies equally to all skills.


Message History

You are too injured to fight recklessly!
You are too injured to fight recklessly!
You are too injured to fight recklessly!
You are too injured to fight recklessly!
You are too injured to fight recklessly!
You are too injured to fight recklessly!
You are too injured to fight recklessly!
You are too injured to fight recklessly!
You are too injured to fight recklessly!
You are too injured to fight recklessly!
You are too injured to fight recklessly!
You are too injured to fight recklessly!
You are too injured to fight recklessly!
You are too injured to fight recklessly!
You are too injured to fight recklessly!
You are too injured to fight recklessly!
You are too injured to fight recklessly!
You are too injured to fight recklessly!
You are too injured to fight recklessly!
You are too injured to fight recklessly!
You are too injured to fight recklessly!
You are too injured to fight recklessly!
You are too injured to fight recklessly!
You are too injured to fight recklessly!
The goblin attacks as you move away! The goblin hits you with a +0 club.
The goblin attacks as you move away!
The goblin hits you with a +2 dagger of venom.
* * * LOW HITPOINT WARNING * * *
You are lethally poisoned!
The goblin attacks as you move away! The goblin hits you with a +0 club.
* * * LOW HITPOINT WARNING * * *
x2 You feel very sick.
The goblin closely misses you.
Okay, then.
It was a potion of might.
You feel very mighty all of a sudden.
* * * LOW HITPOINT WARNING * * *
You feel sick.
The goblin hits you with a +2 dagger of venom.
You die...

....###.####..(........#......<.#
.######.####..........(#........#
...............).......#........#
############..<........#........#
#...........#.########
##.............#######
#..........#.........
..##...................<
.....wg@g.....##########
..##..gggg....# #.....)....#
..........)..# ##.#.......###
#.#..#....# # ##.!#.... ##.##.##.
#. #.# .#


You could see a worm and 6 goblins.

Vanquished Creatures
  Jessica (D:2)
  Robin (D:2)
  A dart slug (D:2)
  2 ball pythons
  6 endoplasms
  7 giant cockroaches
  6 goblins
  5 hobgoblins
  2 jackals
  3 kobolds (D:1)
  A quokka (D:1)
  5 bats
  2 frilled lizards (D:1)
  3 rats
45 creatures vanquished.

Notes
Turn   | Place    | Note
-------+----------+-------------------------------------------
     0 | D:1      | cforsyth the Gnoll Artificer began the quest for the Orb.
     0 | D:1      | Reached XP level 1. HP: 17/17 MP: 1/1
   108 | D:1      | Reached XP level 2. HP: 17/23 MP: 2/2
   600 | D:1      | Reached XP level 3. HP: 28/28 MP: 3/3
  1069 | D:2      | Reached skill level 1 in Invocations
  1211 | D:2      | Found a basalt altar of Yredelemnul.
  1239 | D:2      | Noticed Jessica
  1249 | D:2      | Killed Jessica
  1250 | D:2      | Reached skill level 1 in Short Blades
  1250 | D:2      | Reached skill level 1 in Long Blades
  1250 | D:2      | Reached skill level 1 in Axes
  1250 | D:2      | Reached skill level 1 in Maces & Flails
  1250 | D:2      | Reached skill level 1 in Polearms
  1250 | D:2      | Reached skill level 1 in Staves
  1250 | D:2      | Reached skill level 1 in Ranged Weapons
  1250 | D:2      | Reached skill level 1 in Throwing
  1250 | D:2      | Reached skill level 1 in Shields
  1250 | D:2      | Reached skill level 1 in Unarmed Combat
  1250 | D:2      | Reached skill level 1 in Spellcasting
  1250 | D:2      | Reached XP level 4. HP: 4/33 MP: 5/5
  1377 | D:2      | Found Javal's Antique Weapon Emporium.
  1441 | D:2      | Noticed Robin
  1454 | D:2      | Killed Robin
  1455 | D:2      | Reached skill level 1 in Conjurations
  1455 | D:2      | Reached skill level 1 in Hexes
  1455 | D:2      | Reached skill level 1 in Summonings
  1455 | D:2      | Reached skill level 1 in Necromancy
  1455 | D:2      | Reached skill level 1 in Translocations
  1455 | D:2      | Reached skill level 1 in Transmutations
  1455 | D:2      | Reached skill level 1 in Fire Magic
  1455 | D:2      | Reached skill level 1 in Ice Magic
  1455 | D:2      | Reached skill level 1 in Air Magic
  1455 | D:2      | Reached skill level 1 in Earth Magic
  1455 | D:2      | Reached skill level 1 in Poison Magic
  1455 | D:2      | Reached skill level 1 in Shapeshifting
  1458 | D:2      | HP: 1/34 [poisoned by a goblin]
  1458 | D:2      | Slain by a goblin

Illustrated notes

Levels and vault maps discovered:
D:1:      wander_arrival_abandoned_jail, layout_rooms,
          minmay_misc_feat_nine_boxes, dreamdust_mushroom_princess,
          nicolae_houndstooth_variations
D:2:      layout_rooms, serial_shops, nicolae_shop_behind_doors, basic_altar,
          uniq_jessica, uniq_robin

Skill      XL: |  1  2  3  4 |
---------------+-------------+-----
Invocations    | 1 |  1.3
Short Blades   | 1 |  1.2
Long Blades    | 1 |  1.2
Axes           | 1 |  1.2
Maces & Flails | 1 |  1.2
Polearms       | 1 |  1.2
Staves         | 1 |  1.2
Ranged Weapons | 1 |  1.2
Throwing       | 1 |  1.2
Shields        | 1 |  1.2
Unarmed Combat | 1 |  1.2
Spellcasting   | 1 |  1.2
Conjurations   | 1 |  1.0
Hexes          | 1 |  1.0
Summonings     | 1 |  1.0
Necromancy     | 1 |  1.0
Translocations | 1 |  1.0
Transmutations | 1 |  1.0
Fire Magic     | 1 |  1.0
Ice Magic      | 1 |  1.0
Air Magic      | 1 |  1.0
Earth Magic    | 1 |  1.0
Poison Magic   | 1 |  1.0
Shapeshifting  | 1 |  1.0
Fighting       | |  2.8
Armour         | |  4.6
Dodging        | |  2.8
Stealth        | |  2.6
Evocations     | |  6.6

Action                     |  1- 3 |  4- 6 || total
---------------------------+-------+-------++-------
  Melee: Club              |   168 |     7 ||   175
         Bite              |    15 |     1 ||    16
         Dagger            |       |    21 ||    21
  Evoke: Wand              |     2 |       ||     2
    Use: Potion            |       |     1 ||     1
   Stab: Sleeping          |     4 |       ||     4
 Armour: Leather armour    |    77 |     6 ||    83
  Dodge: Dodged            |   159 |    21 ||   180

Table legend: (Time is in decaauts)
 A = Elapsed time spent in this place.
 B = Non-inter-level travel time spent in this place.
 C = Inter-level travel time spent in this place.
 D = Time resting spent in this place.
 E = Time spent auto-exploring this place.
 F = Levels seen in this place.
 G = Mean time per level.
                   A        B        C        D        E       F      G
               +--------+--------+--------+--------+--------+-----+--------+
         Total |   1507 |   1496 |     11 |    231 |    841 |   2 |  753.5 |
       Dungeon |   1507 |   1496 |     11 |    231 |    841 |   2 |  753.5 |
               +--------+--------+--------+--------+--------+-----+--------+

Top non-repeatable levels by time:
     D:1: 1033 daAuts
     D:2: 473 daAuts
